 Dungeon Crawl Stone Soup version 0.31-a0-507-gbafd7f5274 (webtiles) character file.

Game seed: 13500602886015397464

7175 CyKii the Martial Artist (level 11, -5/94 HPs)
             Began as an Octopode Shapeshifter on Aug 9, 2023.
             Was a Believer of Ashenzari.
             Engulfed by a cloud of flame (7 damage)
             ... in a Gauntlet.
             The game lasted 00:33:23 (9585 turns).

CyKii the Martial Artist (Octopode Shapeshifter)    Turns: 9585, Time: 00:33:23

Health: -5/94      AC:  5    Str: 14    XL:     11   Next: 11%
Magic:  29/29      EV: 19    Int: 11    God:    Ashenzari [**....]
Gold:   604        SH:  0    Dex: 17    Spells: 10/10 levels left

rFire   . .          .
                       - Unarmed
rCold   . . .        (shield currently unavailable)
rNeg    + . .        (helmet restricted)
rPois   .            M - amulet of the acrobat
rElec   .            r - ring of Ashenzari's Discomfort {MP+9, Cun, Bglg} (curse)
rCorr   .            y - ring of the Eye in the Sky {EV+5, Cun, Melee} (curse)
SInv    +            G - ring of Supernal Understanding {AC+4, Fort, Bglg} (curse)
Will    .....        E - ring of magical power Stlth
                     K - ring "Shattered Levity" {rN+, Dev, Melee} (curse)
HPRegen 0.35/turn    (no ring)
MPRegen 0.21/turn    (no ring)
                     (no ring)

%: no teleportation, acrobat
@: berserking, blade tentacles, very quick
A: almost no armour, amphibious, 8 rings, camouflage 1, gelatinous body 1,
(nimble swimmer 1), tentacles
a: Begin Untransformation, Renounce Religion, Shatter the Chains


You were in a Gauntlet.
You worshipped Ashenzari.
Ashenzari was pleased with you.
You had blades for main tentacles.
You visited 3 branches of the dungeon, and saw 11 of its levels.
You also visited: Gauntlet.

You collected 604 gold pieces.

Inventory:

Hand Weapons
 j - a +0 dagger of venom
 n - a +1 whip of flaming
 o - a +1 flail of holy wrath
 t - a +0 short sword of freezing
 O - the +11 flail of Jihargh {antimagic, Fly rC+ Will+ Str+4}
   (You found it in a Gauntlet)

   Str+4:     It affects your strength (+4).
   rC+:       It protects you from cold.
   Will+:     It increases your willpower.
   Fly:       It grants you flight.
Missiles
 z - 6 atropa-tipped darts (quivered)
 B - 2 boomerangs
Armour
 e - +0 steam dragon scales
 F - a +0 buckler
 L - the +10 shadow dragon scales of Sin {Int+5 Dex-3 Stlth++++}
   (You took it off an orc on level 8 of the Dungeon)

   Int+5:     It affects your intelligence (+5).
   Dex-3:     It affects your dexterity (-3).
   Stlth++++: It makes you much more stealthy.
Magical Staves
 J - a staff of earth
Jewellery
 g - a ring of fire
 r - the cursed ring of Ashenzari's Discomfort (left blade tentacle) {MP+9, Cun, Bglg}
   (You found it on level 3 of the Dungeon)

   [ring of magical power]

   MP+9:      It affects your magic capacity (+9).
   It has a curse which improves the following skills: Cunning: Dodging and
   Stealth.
   Beguiling: Conjurations, Hexes and Translocations.
 y - the cursed ring of the Eye in the Sky (right blade tentacle) {EV+5, Cun, Melee}
   (You found it on level 4 of the Dungeon)

   [ring of evasion]

   EV+5:      It affects your evasion (+5).
   It has a curse which improves the following skills: Cunning: Dodging and
   Stealth.
   Melee Combat: Short Blades, Long Blades, Axes, Maces & Flails, Polearms,
   Staves and Unarmed Combat.
 E - a ring of magical power (on tentacle)
 G - a cursed ring of Supernal Understanding (on tentacle) {AC+4, Fort, Bglg}
   (You found it on level 5 of the Dungeon)

   [ring of protection]

   AC+4:      It affects your AC (+4).
   It has a curse which improves the following skills: Fortitude: Shields.
   Beguiling: Conjurations, Hexes and Translocations.
 K - the cursed ring "Shattered Levity" (on tentacle) {rN+, Dev, Melee}
   (You found it on level 8 of the Dungeon)

   [ring of positive energy]

   rN+:       It protects you from negative energy.
   It has a curse which improves the following skills: Devices: Evocations and
   Shapeshifting.
   Melee Combat: Short Blades, Long Blades, Axes, Maces & Flails, Polearms,
   Staves and Unarmed Combat.
 M - an amulet of the acrobat (around mantle)
Talismans
 b - a beast talisman
 c - a flux talisman
 k - a blade talisman (active)
Wands
 H - a wand of paralysis (20)
 Q - a wand of roots (4)
Scrolls
 f - 2 scrolls of revelation
 h - 3 scrolls of poison
 l - 2 scrolls of blinking
 m - 3 scrolls of vulnerability
 p - 2 scrolls of fog
 q - 6 scrolls of identify
 u - a scroll of silence
 v - a scroll of amnesia
 A - a scroll of immolation
 I - a scroll of enchant armour
 P - a scroll of brand weapon
Potions
 a - 4 potions of lignification
 d - a potion of might
 i - a potion of ambrosia
 s - a potion of resistance
 w - 4 potions of curing
 x - 2 potions of attraction
 D - a potion of enlightenment
 N - a potion of haste


   Skills:
 - Level 1.0 Fighting
 - Level 2.0(3.3) Dodging
 + Level 13.6(15.2) Unarmed Combat
 * Level 9.1(10.2) Shapeshifting


You had 10 spell levels left.
You didn't know any spells.
Your spell library contained the following spells:

 Spells                   Type           Power      Damage    Failure   Level
 Blink                    Tloc           0%         N/A       85%         2
 Lesser Beckoning         Tloc           0%         N/A       85%         2
 Momentum Strike          Conj/Tloc      0%         3d8       85%         2
 Portal Projectile        Hex/Tloc       0%         N/A       95%         3
 Call Canine Familiar     Summ           0%         N/A       96%         3
 Summon Guardian Golem    Hex/Summ       0%         N/A       96%         3
 Leda's Liquefaction      Hex/Erth       0%         N/A       100%        4
 Orb of Destruction       Conj           0%         9d5       100%        7
 Spellforged Servitor     Conj/Summ      0%         N/A       100%        7


Dungeon Overview and Level Annotations

Branches:
Dungeon (9/15)             Temple (1/1) D:5            Lair (1/5) D:8
Gauntlet (1/1)
    Orc: D:9-12

Altars:
Ashenzari
Dithmenos
Fedhas
Gozag
Makhleb
Nemelex Xobeh
Okawaru
Qazlal
Uskayaw
Vehumet
Wu Jian
Xom
Yredelemnul

Shops:
D:4 :

Annotations:
D:5 1 runed translucent door, Crazy Yiuf
D:8 exclusion: ice statue Gauntlet 7 transporters


Innate Abilities, Weirdness & Mutations

You have blades for main tentacles.
Your spellcasting is less reliable in this form.
You are incapable of wielding weapons or throwing items.
You cannot wear most types of armour.
You are amphibious.
You can wear up to eight rings at the same time.
Your skin changes colour to match your surroundings (Stealth+).
Your rubbery body absorbs attacks. (AC +1, EV +1)
((You are camouflaged when in or above water. (Stealth+)))
You have tentacles for arms and can constrict up to eight enemies at once.


Message History

You constrict the fire bat. The fire bat barely misses you.
You hit the fire bat. You squeeze the fire bat.
The fire bat is heavily wounded.
You constrict the fire bat. The fire bat closely misses you.
The fire bat misses you.
You slice the fire bat!!
You kill the fire bat!
You slash the fire crab! You grab the fire crab.
You squeeze the fire crab, but do no damage.
The fire crab is moderately wounded.
You constrict the fire crab, but do no damage.
You completely miss the fire crab.
The fire crab is moderately wounded.
You constrict the fire crab, but do no damage.
The fire crab bites you.
You are engulfed in flames!
The fire crab claws you.
You are engulfed in flames!
You slash the fire crab! You squeeze the fire crab.
The fire crab is severely wounded.
You constrict the fire crab, but do no damage.
The fire crab bites you!
You are engulfed in flames!
* * * LOW HITPOINT WARNING * * *
The fire crab claws you but does no damage.
You barely miss the fire crab.
You squeeze the fire crab, but do no damage.
The fire crab is severely wounded.
You constrict the fire crab, but do no damage.
A red film seems to cover your vision as you go berserk!
You feel yourself moving faster!
You feel mighty!
You constrict the fire crab, but do no damage.
The fire crab breathes flames at you. The blast of flame engulfs you.
* * * LOW HITPOINT WARNING * * *
You hear a bark!
You are too berserk!
You are too berserk!
You are too berserk!
You slice the fire crab!!
You kill the fire crab!
You are engulfed in blazing flames.
You die...

..#.©.#....§.§..#.©.#.....#
8.#...#...≈8§§..#...#.8...###
..#.©.#....≈.§§.#.©.#.....#8#
##########...###########..###
#t.##.#.b#...#.b.h○○○..#..#
###.#..###...#.##bt.##.#..###
bh##.##.##...#○#°###.#.#..#8#
.#b.#..###...#.○##.##..#..###
##..######...#○○@○○....#..#
#..###bb.#...#.○##○##..#..###
#.h####.##...#○#.###.#.#..#8#
##.#..#bb#...#.##...##.#..###
#.#(©=$.##...#..?=©(...#..#
##########...###########..###
..........................#8#
..........≈∩≈............≈###
###########################


There were no monsters in sight!

Vanquished Creatures
  A tengu warrior (Gauntlet)
  A fire crab (Gauntlet)
  A rust devil (Gauntlet)
  A tengu conjurer (Gauntlet)
  Grinder (D:3)
  A hornet (D:8)
  A ynoxinul (Gauntlet)
  2 wyverns
  6 yaks
  3 fire bats (Gauntlet)
  3 steam dragons
  5 water moccasins
  3 black bears
  An ice beast (D:7)
  4 sky beasts
  An orc warrior (D:7)
  An ogre (D:7)
  2 phantoms
  Blork the orc (D:4)
  2 kobold brigands (D:7)
  2 bullfrogs
  2 scorpions
  4 wights (D:7)
  15 killer bees
  2 hounds
  2 gnoll boudas
  2 iron imps (Gauntlet)
  4 sleepcaps
  Ijyb (D:5)
  5 orc wizards
  12 gnolls
  4 adders
  2 ufetubi (D:5)
  A worm (D:2)
  2 dart slugs
  20 orcs
  6 ball pythons
  5 endoplasms
  2 giant cockroaches (D:3)
  3 goblins
  4 hobgoblins
  4 quokkas
  6 bats
  4 frilled lizards
  11 kobolds
  4 rats
170 creatures vanquished.

Notes
Turn   | Place    | Note
-------+----------+-------------------------------------------
     0 | D:1      | CyKii the Octopode Shapeshifter began the quest for the
                  | Orb.
     0 | D:1      | Reached XP level 1. HP: 13/13 MP: 1/1
   145 | D:1      | Reached XP level 2. HP: 18/18 MP: 2/2
   687 | D:2      | Reached XP level 3. HP: 20/23 MP: 3/3
  1566 | D:2      | Reached skill level 4 in Unarmed Combat
  1970 | D:3      | Reached XP level 4. HP: 28/28 MP: 4/4
  2118 | D:3      | Found a shadowy altar of Dithmenos.
  2180 | D:3      | Noticed Grinder
  2183 | D:3      | Paralysed by Grinder for 2 turns
  2191 | D:3      | Killed Grinder
  2192 | D:3      | Reached skill level 5 in Unarmed Combat
  2192 | D:3      | Reached XP level 5. HP: 12/33 MP: 5/5
  2192 | D:3      | Reached XP level 6. HP: 14/38 MP: 6/6
  2722 | D:4      | Noticed Blork the orc
  2729 | D:4      | Killed Blork the orc
  2730 | D:4      | Reached skill level 6 in Unarmed Combat
  3040 | D:4      | Found Eschi's Book Boutique.
  3255 | D:4      | Found a sparkling altar of Nemelex Xobeh.
  3255 | D:4      | Found a hide-covered altar of Uskayaw.
  3503 | D:5      | Entered Level 5 of the Dungeon
  3682 | D:5      | Reached XP level 7. HP: 22/43 MP: 7/7
  4079 | D:5      | Found a staircase to the Ecumenical Temple.
  4090 | Temple   | Entered the Ecumenical Temple
  4109 | Temple   | Became a worshipper of Ashenzari the Shackled
  4175 | D:5      | Reached skill level 7 in Unarmed Combat
  4329 | D:5      | Found a runed translucent door.
  4330 | D:5      | Noticed Crazy Yiuf
  4394 | D:5      | Noticed Ijyb
  4397 | D:5      | Killed Ijyb
  5221 | D:6      | Reached skill level 8 in Unarmed Combat
  5221 | D:6      | Reached skill level 5 in Shapeshifting
  5221 | D:6      | Reached XP level 8. HP: 28/48 MP: 8/8
  5699 | D:7      | Reached skill level 9 in Unarmed Combat
  5972 | D:7      | Reached XP level 9. HP: 25/53 MP: 9/9
  5976 | D:7      | Reached skill level 10 in Unarmed Combat
  6404 | D:7      | Found a basalt altar of Yredelemnul.
  6416 | D:7      | Reached * piety under Ashenzari
  6900 | D:7      | Reached skill level 11 in Unarmed Combat
  7600 | D:8      | Reached XP level 10. HP: 48/58 MP: 10/10
  7601 | D:8      | Reached skill level 12 in Unarmed Combat
  7814 | D:8      | Found a staircase to the Lair.
  7975 | D:8      | Found an ornate altar of the Wu Jian Council.
  8091 | D:8      | Identified the +10 shadow dragon scales of Sin {Int+5 Dex-3
                  | Stlth++++}
  8463 | D:8      | Found a radiant altar of Vehumet.
  8526 | D:8      | Noticed an ice statue
  8776 | D:9      | Found a burning altar of Makhleb.
  8874 | D:9      | Reached skill level 13 in Unarmed Combat
  8965 | Lair:1   | Entered Level 1 of the Lair of Beasts
  9018 | Lair:1   | Found a gate leading to a gauntlet.
  9027 | Gauntlet | Entered a Gauntlet
  9027 | Gauntlet | Noticed an eye of devastation
  9027 | Gauntlet | Noticed a tengu warrior
  9027 | Gauntlet | Found a transporter.
  9027 | Gauntlet | Found a transporter.
  9027 | Gauntlet | Found a transporter.
  9027 | Gauntlet | Found a transporter.
  9031 | Gauntlet | Found a transporter.
  9031 | Gauntlet | Found a transporter.
  9036 | Gauntlet | Reached ** piety under Ashenzari
  9039 | Gauntlet | Identified the +11 flail of Jihargh {antimagic, Fly rC+
                  | Will+ Str+4}
  9041 | Gauntlet | Noticed a rust devil
  9055 | Gauntlet | Found a transporter.
  9057 | Gauntlet | Found a transporter.
  9064 | Gauntlet | Noticed a fire crab
  9073 | Gauntlet | Found a transporter.
  9073 | Gauntlet | Noticed a fire crab
  9082 | Gauntlet | Found a transporter.
  9099 | Gauntlet | Found a transporter.
  9103 | Gauntlet | Found a transporter.
  9300 | Gauntlet | Killed a tengu warrior
  9451 | Gauntlet | Killed a rust devil
  9452 | Gauntlet | Reached XP level 11. HP: 63/63 MP: 11/11
  9584 | Gauntlet | HP: 2/94 [fire crab/blast of flame (6)]
  9585 | Gauntlet | Killed a fire crab
  9585 | Gauntlet | Engulfed by a cloud of flame

Illustrated notes

Levels and vault maps discovered:
D:1:      amcnicky_arrival_single_pillar, layout_basic, dk_noncrumbling_4
D:2:      layout_basic
D:3:      layout_rooms, nicolae_dithmenos_through_a_glass_darkly, st_stairs_13,
          kennysheep_nub, uniq_grinder
D:4:      layout_basic, gammafunk_temple_overflow_elements, serial_shops, shop,
          minmay_misc_feat_five, uniq_blork_the_orc
D:5:      layout_rooms, temple_green, amcnicky_mini_corridor_feature,
          minmay_misc_feat_secret_circle, uniq_ijyb, uniq_crazy_yiuf_cottage
D:6:      layout_basic
D:7:      layout_loops_corners, nicolae_overflow_crystal_walls,
          minmay_alternating_orb
D:8:      lemuel_ice_statue, layout_rooms, mainiacjoe_overflow_surrounded_room,
          mainiacjoe_overflow_alcove_2, lair_entry_dummy,
          minmay_gold_behind_fungi
D:9:      layout_rooms, zin_angel, mainiacjoe_overflow_concentric_impassable,
          old_standard_altar, marbit_many_paths
Temple:   hellmonk_temple_micro_hex
Lair:1:   layout_roguey, gauntlet_entry_generic
Gauntlet: gammafunk_gauntlet_hard_choice [nicolae_gauntlet_arena_flowing_pool,
          gammafunk_gauntlet_arena_crates, gammafunk_gauntlet_arena_teeth,
          gammafunk_gauntlet_arena_arrow_garden,
          gammafunk_gauntlet_arena_corners, gammafunk_gauntlet_arena_mazey,
          nicolae_gauntlet_exit_dead_adventurers]

Skill      XL: |  1  2  3  4  5  6  7  8  9 10 11 |
---------------+----------------------------------+-----
Unarmed Combat | 4 5 6 8 9 11 13 | 13.6
Shapeshifting  | 4 5 7 8 9 |  9.1
Fighting       | |  1.0
Dodging        | |  2.0

Action                     |  1- 3 |  4- 6 |  7- 9 | 10-12 || total
---------------------------+-------+-------+-------+-------++-------
  Melee: Unarmed           |    58 |    48 |   161 |   110 ||   377
         Constrict         |    13 |    12 |    30 |    21 ||    76
         Tentacles         |     9 |    13 |    34 |    23 ||    79
         Punch             |     2 |     4 |     8 |    12 ||    26
 Invoke: Curse Item        |       |       |     2 |     2 ||     4
    Use: Scroll            |     1 |       |     5 |     1 ||     7
         Potion            |     1 |       |     3 |     3 ||     7
   Stab: Sleeping          |     6 |     1 |     5 |     3 ||    15
         Distracted        |       |       |       |     1 ||     1
 Armour: Skin              |     4 |     3 |    11 |    15 ||    33
  Dodge: Dodged            |    44 |    28 |   129 |   100 ||   301
   Form: Blade             |       |     1 |       |       ||     1

Table legend: (Time is in decaauts)
 A = Elapsed time spent in this place.
 B = Non-inter-level travel time spent in this place.
 C = Inter-level travel time spent in this place.
 D = Time resting spent in this place.
 E = Time spent auto-exploring this place.
 F = Levels seen in this place.
 G = Mean time per level.
                   A        B        C        D        E       F      G
               +--------+--------+--------+--------+--------+-----+--------+
         Total |   9535 |   9190 |    345 |   1880 |   3080 |  12 |  794.6 |
       Dungeon |   8932 |   8587 |    345 |   1685 |   2972 |   9 |  992.4 |
        Temple |     26 |     26 |      0 |      0 |      0 |   1 |   26.0 |
          Lair |     28 |     28 |      0 |      0 |      0 |   1 |   28.0 |
      Gauntlet |    548 |    548 |      0 |    195 |    108 |   1 |  548.0 |
               +--------+--------+--------+--------+--------+-----+--------+

Top non-repeatable levels by time:
     D:7: 2044 daAuts
     D:6: 1161 daAuts
     D:2: 1098 daAuts
     D:8: 1090 daAuts
     D:5: 936 daAuts
     D:3: 901 daAuts
     D:4: 853 daAuts
     D:1: 789 daAuts
Gauntlet: 548 daAuts
     D:9: 58 daAuts
  Lair:1: 28 daAuts
  Temple: 26 daAuts
